 Dungeon Crawl Stone Soup version 0.24.0-123-gd5b16e6ec5 (webtiles) character file.

Game seed: 8992994338857453298, levelgen mode: deterministic

2595 Emblim88 the Ruffian (level 9, -13/84 HPs)
             Began as a Troll Venom Mage on Jan 11, 2020.
             Was a Believer of Qazlal.
             Killed from afar by a gargoyle (22 damage)
             ... with a stone arrow
             ... on level 7 of the Dungeon.
             The game lasted 00:16:11 (5495 turns).

Emblim88 the Ruffian (Troll Venom Mage)             Turns: 5495, Time: 00:16:12

Health: -13/84     AC:  7    Str: 18    XL:     9   Next: 33%
Magic:  12/12      EV: 11    Int: 14    God:    Qazlal [**....]
Gold:   272        SH:  3    Dex: 10    Spells: 4/14 levels left

rFire    . . .     SeeInvis .     - Unarmed
rCold    . . .     Gourm    +   (no shield)
rNeg     + . .     Faith    .   a - +1 robe
rPois    +         Spirit   .   (helmet restricted)
rElec    .         Reflect  .   (no cloak)
rCorr    .         Harm     +   (gloves unavailable)
MR       .....                  (boots unavailable)
Stlth    +.........             v - amulet of harm
HPRegen  0.64/turn              x - ring of poison resistance
MPRegen  0.13/turn              y - ring of positive energy

@: hasted, very quick
A: large, unfitting armour, claws 3, fast metabolism 3, gourmand, regeneration
1, shaggy fur 1, tough skin 3
a: Upheaval, Renounce Religion


You were on level 7 of the Dungeon.
You worshipped Qazlal.
Qazlal was pleased with you.
You were full.

You visited 2 branches of the dungeon, and saw 8 of its levels.
You also visited: Ossuary.

You collected 272 gold pieces.

Inventory:

Armour
 a - a +1 robe (worn)
Jewellery
 v - an amulet of harm (around neck)
 x - a ring of poison resistance (left claw)
 y - a ring of positive energy (right claw)
 A - a cursed amulet of inaccuracy {unknown}
 B - an uncursed ring of wizardry {unknown}
Wands
 h - a wand of enslavement (7)
 w - a wand of polymorph (8)
Scrolls
 b - 4 scrolls of enchant armour
 e - a scroll of magic mapping {unknown}
 g - 3 scrolls of teleportation
 j - 4 scrolls of enchant weapon
 q - 2 scrolls of remove curse
 r - 4 scrolls of fear {unknown}
 u - a scroll of blinking {unknown}
 z - 4 scrolls of identify
 C - a scroll of torment {unknown}
Potions
 d - a potion of might
 i - 3 potions of curing
 k - a potion of lignification
 l - 2 potions of ambrosia
 m - 2 potions of mutation
 n - a potion of magic
 p - 3 potions of brilliance {unknown}
 s - 3 potions of agility
 t - a potion of haste
Comestibles
 c - 9 rations


   Skills:
 + Level 3.8 Fighting
 + Level 4.2 Dodging
 - Level 1.0 Stealth
 + Level 4.4 Unarmed Combat
 + Level 3.2 Spellcasting
 + Level 3.6 Conjurations
 + Level 4.2 Poison Magic
 * Level 4.2 Invocations


You had 4 spell levels left.
You knew the following spells:

 Your Spells              Type           Power        Failure   Level  Hunger
a - Sting                 Conj/Pois      ##..         4%          1    #......
b - Mephitic Cloud        Conj/Pois/Air  #.......     22%         3    ###....
c - Poisonous Vapours     Pois/Air       #.....       14%         2    ##.....
d - Olgreb's Toxic Radia  Pois           ##......     36%         4    #####..

Your spell library contained the following spells:

 Spells                   Type           Power        Failure   Level  Hunger
 Venom Bolt               Conj/Pois      ##........   75%         5    ######.


Dungeon Overview and Level Annotations

Branches:
Dungeon (7/15)             Temple (1/1) D:5         Ossuary (visited)

Altars:
Ashenzari
Cheibriados
Dithmenos
Fedhas
Gozag
Hepliaklqana
Kikubaaqudgha
Makhleb
Nemelex Xobeh
Okawaru
Qazlal
Ru
Sif Muna
Trog
Uskayaw
Vehumet
Wu Jian
Xom
Yredelemnul
Zin
The Shining One

Annotations:
D:2 2 transporters, Menkaure
D:3 1 runed translucent door, Delamore's ghost, amateur FoFi
D:4 1 runed translucent door, roosipov's ghost, amateur FeTm


Innate Abilities, Weirdness & Mutations

You are too large for most types of armour.
You have claws for hands.
Your metabolism is lightning-fast.
You like to eat raw meat.
Your natural rate of healing is unusually fast.
You are covered in fur. (AC +1)
You have extremely tough skin. (AC +3)


Message History

The stone arrow hits you!
* * * LOW HITPOINT WARNING * * *
You scratch the gargoyle.
The gargoyle is heavily damaged.
You scratch the gargoyle but do no damage.
You claw the gargoyle.
The gargoyle is heavily damaged.
The gargoyle hurls a stone arrow at you.
The stone arrow hits you!
* * * LOW HITPOINT WARNING * * *
You feel much better.
The gargoyle hurls a stone arrow at you.
The stone arrow hits you!!
* * * LOW HITPOINT WARNING * * *
You feel better.
You scratch the gargoyle but do no damage.
The gargoyle is heavily damaged.
The gargoyle hurls a stone arrow at you.
The stone arrow hits you!!
You die...

#....†)<...####.........#..
...#.......## ##..#######.#
##.....## ##.# #.# ##...##
#.# #.# ##+## #.# #.# #####
#.# #.. #...###.# ###
##.####(......# #
#....9@$....### #
#.....###.##.# # ##...
#.##.# # ##. #.##.# # ..
..##.# # ## ####)# ..# ###


You could see a gargoyle.

Vanquished Creatures
  A gargoyle (D:7)
  Sigmund (D:3)
  A black bear (D:6)
  An ice beast (D:5)
  A phantom (D:4)
  A sky beast (D:5)
  3 ogres (D:6)
  A centaur (D:5)
  3 bullfrogs
  A water moccasin zombie (D:7)
  A wyvern skeleton (D:6)
  2 scorpions
  A howler monkey (D:4)
  A jelly (D:5)
  A bullfrog zombie (D:7)
  4 hounds
  5 orc priests
  A bullfrog skeleton (D:4)
  2 centaur skeletons
  Terence (D:3)
  2 orc wizards
  3 worker ants
  12 mummies (Ossuary)
  Robin (D:2)
  7 gnolls
  6 adders
  2 oozes
  An adder zombie (D:6)
  6 worms
  5 dart slugs
  3 leopard geckos
  20 orcs
  7 bats
  8 giant cockroaches
  16 goblins
  6 hobgoblins
  5 jackals (D:6)
  3 quokkas
  4 frilled lizards
  6 gnoll skeletons (Ossuary)
  5 kobolds
  A kobold skeleton (Ossuary)
  A leopard gecko skeleton (D:4)
  An orc skeleton (Ossuary)
  6 rats
  11 rat skeletons (Ossuary)
181 creatures vanquished.

Notes
Turn   | Place    | Note
-------+----------+-------------------------------------------
     0 | D:1      | Emblim88 the Troll Venom Mage began the quest for the Orb.
     0 | D:1      | Reached XP level 1. HP: 16/16 MP: 1/1
   239 | D:1      | Reached XP level 2. HP: 24/24 MP: 3/3
   319 | D:1      | Reached skill level 1 in Conjurations
   644 | D:2      | Found a transporter.
   645 | D:2      | Noticed a wight
   648 | D:2      | Noticed Robin
   665 | D:2      | Reached XP level 3. HP: 25/32 MP: 4/4
   682 | D:2      | Killed Robin
   779 | D:2      | Reached skill level 1 in Unarmed Combat
   948 | D:2      | Found an ornate altar of the Wu Jian Council.
  1001 | D:2      | Reached skill level 1 in Fighting
  1001 | D:2      | Reached XP level 4. HP: 37/41 MP: 5/5
  1146 | D:2      | Found a glowing silver altar of Zin.
  1290 | D:2      | Found a transporter.
  1290 | D:2      | Found an ancient bone altar of Kikubaaqudgha.
  1486 | D:2      | Found a basalt altar of Yredelemnul.
  1487 | D:2      | Noticed Menkaure
  1566 | D:3      | Reached XP level 5. HP: 48/48 MP: 6/6
  1571 | D:3      | Learned a level 3 spell: Mephitic Cloud
  1574 | D:3      | Learned a level 2 spell: Poisonous Vapours
  1630 | D:3      | Noticed Sigmund
  1715 | D:3      | Killed Sigmund
  1715 | D:3      | Reached XP level 6. HP: 46/57 MP: 4/8
  1760 | D:3      | Found a hide-covered altar of Uskayaw.
  1841 | D:3      | Noticed Delamore's ghost (amateur FoFi)
  1852 | D:3      | Found a runed translucent door.
  2168 | D:3      | Found a radiant altar of Vehumet.
  2248 | D:3      | Noticed Terence
  2262 | D:3      | Killed Terence
  2472 | D:4      | Reached XP level 7. HP: 65/65 MP: 4/9
  2733 | D:4      | Found a runed translucent door.
  2850 | D:4      | Noticed roosipov's ghost (amateur FeTm)
  3151 | D:5      | Entered Level 5 of the Dungeon
  3157 | D:5      | Learned a level 4 spell: Olgreb's Toxic Radiance
  3160 | D:5      | Found a sparkling altar of Nemelex Xobeh.
  3161 | D:5      | Found a staircase to the Ecumenical Temple.
  3175 | Temple   | Entered the Ecumenical Temple
  3227 | Temple   | Became a worshipper of Qazlal Stormbringer
  3365 | D:5      | Reached skill level 1 in Invocations
  3461 | D:5      | Reached XP level 8. HP: 53/74 MP: 10/10
  3640 | D:5      | Found a shimmering blue altar of Sif Muna.
  4207 | D:6      | Reached * piety under Qazlal
  4487 | D:6      | Found a sand-covered staircase.
  4492 | Ossuary  | Entered an ossuary
  4709 | Ossuary  | Reached ** piety under Qazlal
  4718 | Ossuary  | Reached XP level 9. HP: 83/83 MP: 12/12
  5111 | D:7      | Noticed a gargoyle
  5159 | D:7      | Killed a gargoyle
  5482 | D:7      | Noticed a gargoyle
  5493 | D:7      | HP: 2/84 [gargoyle/stone arrow (34)]
  5495 | D:7      | Killed from afar by a gargoyle

Levels and vault maps discovered:
D:1:      dpeg_arrival_three_same_balls, layout_rooms
D:2:      layout_loops_ring, zin_statuary, gammafunk_temple_of_torment,
          nicolae_overflow_hidden_temple, first_ration, uniq_robin
D:3:      layout_rooms, eat_drink_and_be_merry_uskayaw, vehumet_crystals,
          hellmonk_ghost_happy_afterlife, uniq_sigmund, uniq_terence
D:4:      layout_basic, hellmonk_ghost_happy_afterlife, minmay_bent
D:5:      layout_loops_cross, nicolae_overflow_crystal_walls,
          nemelex_xobeh_ov_fountains_minmay, minmay_temple_entry_antechambers,
          serial_glass, glass_columns_a, glass_columns_a
D:6:      layout_cave_pools, enter_ossuary_2
D:7:      cheibrodos_statue_roulette, layout_loops_corners
Temple:   cyrus_circular_temple

Skill      XL: |  1  2  3  4  5  6  7  8  9 |
---------------+----------------------------+-----
Conjurations   | 1 2 3 |  3.6
Dodging        | 2 3 4 |  4.2
Unarmed Combat | 1 2 3 4 |  4.4
Fighting       | 1 2 3 |  3.8
Spellcasting   | 2 3 |  3.2
Poison Magic   | 3 4 |  4.2
Invocations    | 1 3 4 |  4.2
Stealth        | |  1.0

Action                   |  1- 3 |  4- 6 |  7- 9 || total
-------------------------+-------+-------+-------++-------
Melee: Unarmed           |   144 |   144 |   346 ||   634
       Punch             |       |       |     3 ||     3
 Cast: Sting             |     1 |       |       ||     1
       Poisonous Vapours |       |     7 |    16 ||    23
       Mephitic Cloud    |       |       |     1 ||     1
Evoke: Wand              |       |       |     1 ||     1
  Use: Potion            |       |     1 |     5 ||     6
       Scroll            |       |       |    16 ||    16
 Stab: Sleeping          |       |     2 |     1 ||     3
  Eat: Chunk             |    13 |    14 |    15 ||    42
       Ration            |       |       |     4 ||     4
Armor: Robe              |    48 |    51 |    97 ||   196
Dodge: Dodged            |    73 |    71 |   159 ||   303
Block: Other             |       |       |     8 ||     8
